AoeStats
← Sebtoshi21

Migration

504467196Analyzed
1v1 RM · 27d ago on Sep 5, 2026· 62m 48s· 2 players
Game mode
Random Map
Map size
132×132
Population
200
Speed
Normal
Resources
Standard
Victory
Conquest
Starting age
Dark Age
Ending age
Imperial Age
RankedLock teamsTeams togetherTeam positionsShared explorationLock speedFull tech treeHidden civsTurbo modeCheats
Victory
Defeat
🇨🇭 Portuguese · Switzerland
845
+18
🇺🇸 Khmer · United States
880
-18
Sebtoshi21
12:20 Feudal Age
13:11 Double-Bit Axe
13:51 Loom
13:52 Town Watch
20:18 Castle Age
21:49 Scale Barding Armor
21:54 Forging
26:08 Chain Barding Armor
25:52 Scale Mail Armor
40:03 Imperial Age
39:22 Town Patrol
39:58 Wheelbarrow
40:54 Onager
44:29 Chemistry
43:17 Light Cavalry
46:36 Elite Cannon Galleon
49:47 Pikeman
56:33 Cavalier
57:24 Bloodlines
58:44 Conscription
60:25 Bloodlines
60:16 Husbandry
62:29 Halberdier
Japanese2009
12:34 Feudal Age
16:22 Castle Age
14:53 Double-Bit Axe
16:16 Horse Collar
16:36 Stone Mining
17:39 Gold Mining
22:33 Wheelbarrow
21:44 Loom
21:46 Town Watch
23:19 Gold Shaft Mining
24:28 Bow Saw
27:19 Heavy Plow
35:53 Fletching
37:32 Hand Cart
44:01 Imperial Age
51:39 Bodkin Arrow
51:47 Padded Archer Armor
51:52 Scale Barding Armor
53:23 Ballistics
53:15 Masonry
54:14 Chemistry
58:47 Stone Shaft Mining
60:56 Bloodlines
60:46 Husbandry
60:30 Cavalier
Connection lost

Rejoining the realm…

Still unreachable

The connection could not be restored.

Session expired

The server has moved on; the page needs a fresh start.